 Dungeon Crawl Stone Soup version 0.21.1-1-g345015f (webtiles) character file.

115 Wehk the Skirmisher (level 4, 0/35 HPs)
             Began as a Demonspawn Warper on Feb 12, 2018.
             Succumbed to an adder's poison
             ... on level 2 of the Dungeon.
             The game lasted 00:09:17 (2738 turns).

Wehk the Skirmisher (Demonspawn Warper)             Turns: 2738, Time: 00:09:18

Health: 0/35       AC: 11    Str: 13    XL:     4   Next: 68%
Magic:  7/7        EV:  3    Int: 14    God:
Gold:   62         SH:  0    Dex: 12    Spells: 7/7 levels left

rFire    . . .     SeeInvis .   e - +1 hunting sling (flame)
rCold    . . .     Gourm    .   (no shield)
rNeg     . . .     Faith    .   o - +1 plate armour
rPois    .         Spirit   .   (helmet restricted)
rElec    .         Reflect  .   (no cloak)
rCorr    .         Harm     .   (no gloves)
MR       .....                  (no boots)
Stlth    ..........             (no amulet)
HPRegen  0.11/turn              j - -2 ring of dexterity (curse)
MPRegen  0.10/turn              (no ring)

@: lethally poisoned (0 -> -5), flying
A: antennae 1, thin skeletal structure 1, nightstalker 1
a: no special abilities


You were on level 2 of the Dungeon.
You were not hungry.

You visited 1 branch of the dungeon, and saw 3 of its levels.

You collected 62 gold pieces.

Inventory:

Hand Weapons
 b - a +4 quarterstaff
 e - a +1 hunting sling of flaming (weapon)
 w - a +1 mace
Missiles
 Q - 18 sling bullets
 W - 36 stones (quivered)
Armour
 o - a +1 plate armour (worn)
Jewellery
 j - a cursed -2 ring of dexterity (left hand)
Scrolls
 d - 2 scrolls of blinking
 g - 3 scrolls of teleportation
 l - a scroll of fog
 m - a scroll of enchant weapon
Potions
 a - a potion of flight
 k - a potion of brilliance {unknown}
 n - 2 potions of cancellation {unknown}
Books
 c - a book of Spatial Translocations

   Spells                             Type                      Level
   a - Blink                          Translocation                2
   b - Shroud of Golubria             Charms/Translocation         2
   c - Lesser Beckoning               Translocation                3
   d - Gell's Gravitas                Translocation                3
   e - Teleport Other                 Translocation                3
   f - Passage of Golubria            Translocation                4
Comestibles
 f - 3 rations


   Skills:
 + Level 3.5 Fighting
 + Level 3.3 Maces & Flails
 - Level 1.0 Throwing
 - Level 1.0 Armour
 - Level 2.0 Dodging
 - Level 2.0 Spellcasting
   Level 2.6 Translocations


You had 7 spell levels left.
You didn't know any spells.

Dungeon Overview and Level Annotations

Branches:
Dungeon (3/15)

Altars:
Elyvilon
Nemelex Xobeh
Vehumet


Innate Abilities, Weirdness & Mutations

You have a pair of small antennae on your head.
You have a somewhat thin skeletal structure. (Dex +2, Stealth)
You are slightly more attuned to the shadows.


Message History

The adder is heavily wounded.
Firing (i - inventory. (,) - cycle):
W - 38 stones (quivered)
Press: ? - help, Shift-Dir - straight line, f/p - adder
Aim: an adder (heavily wounded)
You shoot a stone. The stone misses the adder.
Okay, then.
Unknown command.
Unknown command.
Firing (i - inventory. (,) - cycle):
W - 37 stones (quivered)
Press: ? - help, Shift-Dir - straight line, f/p - adder
Aim: an adder (heavily wounded)
You shoot a stone. The stone misses the adder.
The adder barely misses you. The adder bites you.
* * * LOW HITPOINT WARNING * * *
You are lethally poisoned!
The adder poisons you!
It was a potion of flight.
You feel very buoyant.
You fly up into the air.
You die...

##.....####.###.##.##.# ###.#
#.......####....##.##.# ##.#.#
.........####(..##.##.#####....##
.........+.......................
.........##)..(.....#######...)##
#............#...#..# ##..#รท##
##.....###..###.###.# ##....#.#
##...## #...#..S#..# ##.....##.
##'## #....._@...# #.......## #.#
##..#...#..# ##.....##. ####.#
#.###.###.# ##....#.. .....##
#..#...#..# ##.##.#.
###...#####.........# #......
##.....).........#### #.####.
.......########### #.# ##.
####.### #.###.. .....# #......


You could see an adder.

Vanquished Creatures
  Robin (D:2)
  3 adders
  A dart slug (D:2)
  8 bats
  4 giant cockroaches
  18 goblins
  13 hobgoblins
  4 jackals (D:2)
  3 frilled lizards
  5 kobolds
  A quokka zombie (D:2)
  8 rats
69 creatures vanquished.

Notes
Turn   | Place    | Note
-------+----------+-------------------------------------------
     0 | D:1      | Wehk the Demonspawn Warper began the quest for the Orb.
     0 | D:1      | Reached XP level 1. HP: 16/16 MP: 3/3
   171 | D:1      | Reached skill level 1 in Throwing
   172 | D:1      | Reached skill level 1 in Armour
   244 | D:1      | Gained mutation: You are slightly more attuned to the shadows. [demonic ancestry]
   244 | D:1      | Reached XP level 2. HP: 19/22 MP: 5/5
  1071 | D:1      | Gained mutation: You have a pair of small antennae on your head. [demonic ancestry]
  1071 | D:1      | Reached XP level 3. HP: 28/28 MP: 6/6
  1455 | D:2      | Found a radiant altar of Vehumet.
  1634 | D:2      | Found a white marble altar of Elyvilon.
  1730 | D:2      | Noticed Robin
  1784 | D:2      | Killed Robin
  1784 | D:2      | Gained mutation: You have a somewhat thin skeletal structure. (Dex +2, Stealth) [demonic ancestry]
  1784 | D:2      | Reached XP level 4. HP: 26/35 MP: 7/7
  1912 | D:2      | Found a sparkling altar of Nemelex Xobeh.
  2705 | D:3      | Noticed a phantom
  2737 | D:2      | HP: 1/35 [adder (4)]
  2738 | D:2      | Succumbed to an adder's poison

Skill      XL: |  1  2  3 |
---------------+----------+-----
Throwing       | 1 |  1.0
Armour         | 1 |  1.0
Maces & Flails | 2 3 |  3.3
Dodging        | 2 |  2.0
Fighting       | 3 |  3.5
Spellcasting   | |  2.0
Translocations | |  2.6

Action                   |  1- 3 |  4- 6 || total
-------------------------+-------+-------++-------
Melee: Mace              |   187 |    50 ||   237
       Quarterstaff      |       |     5 ||     5
 Fire: Hunting sling     |       |    15 ||    15
Throw: Tomahawk          |     5 |       ||     5
  Use: Scroll            |     6 |       ||     6
       Potion            |       |     2 ||     2
  Eat: Chunk             |     3 |     3 ||     6
Armor: Chain mail        |    68 |       ||    68
       Plate armour      |   122 |    61 ||   183
Dodge: Dodged            |    51 |    14 ||    65
